 Dungeon Sprint DCSS version 0.21-a0-401-g0b6bec4 (webtiles) character file.

49648 Coron the Spry (level 14, -9/127 HPs)
             Began as a Troll Berserker on Oct 25, 2017.
             Was the Champion of Trog.
             Mangled by an Orb Guardian (27 damage)
             ... in the Dungeon (Sprint IX: "|||||||||||||||||||||||||||||").
             The game lasted 00:17:38 (2807 turns).

Coron the Spry (Troll Berserker)                    Turns: 2807, Time: 00:17:39

Health: -9/127     AC: 20    Str: 34    XL:     14   Next: 16%
Magic:  13/13      EV: 23    Int:  3    God:    Trog [******]
Gold:   1894       SH:  0    Dex: 17    Spells: 13/13 levels left

rFire    + + .     SeeInvis .   s - +10 giant spiked club "Hepuaw" {elec, Dex+6 Stlth+}
rCold    x . .     Gourm    +   (shield currently unavailable)
rNeg     . . .     Faith    .   m - +2 fire dragon scales
rPois    .         Spirit   .   (helmet restricted)
rElec    .         Reflect  .   C - +2 cloak
rCorr    .         Harm     .   (gloves unavailable)
MR       +....     Rnd*Rage +   (boots unavailable) Stlth +.........NoTele +
                                (no amulet)
HPRegen  0.71/turn              n - +2 ring of evasion
MPRegen  0.13/turn              o - +2 ring of protection

@: berserk cooldown, slowed, drained, very slow
A: unfitting armour, claws 3, icy blue scales 1, thin skeletal structure 1,
berserk 1, fast metabolism 3, frail 2, gourmand, regeneration 1, shaggy fur 1,
strong 1, tough skin 2
a: Berserk, Trog's Hand, Brothers in Arms, Burn Spellbooks, Renounce Religion


You were in the Dungeon.
You worshipped Trog.
Trog was exalted by your worship.
You were very full.

You visited 1 branch You collected 1930 gold pieces.
You spent 36 gold pieces at shops.

Inventory:

Hand Weapons
 s - the +10 giant spiked club "Hepuaw" (weapon) {elec, Dex+6 Stlth+}
   (Trog gifted it to you in the Dungeon)

   Occasionally, upon striking a foe, it will discharge some electrical energy
   and cause terrible harm.
   It affects your dexterity (+6).
   It makes you more stealthy.
 E - the +2 giant spiked club of Impermanence {speed, +Rage MR+ Dex-5}
   (Trog gifted it to you in the Dungeon)

   Attacks with this weapon are significantly faster.
   It affects your dexterity (-5).
   It affects your resistance to hostile enchantments.
   It lets you go berserk.
Missiles
 t - 15 poisoned tomahawks (quivered)
 x - 20 large rocks
Armour
 m - +2 fire dragon scales (worn)
 C - a +2 cloak (worn)
Jewellery
 n - a +2 ring of evasion (left claw)
 o - a +2 ring of protection (right claw)
 u - an uncursed ring of fire
 A - an uncursed ring of see invisible
 B - an uncursed ring of protection from fire
Wands
 l - a wand of acid (1/15)
 y - a wand of disintegration (14/24)
Scrolls
 h - 2 scrolls of blinking
 k - 4 scrolls of remove curse
 p - a scroll of fear
 q - 6 scrolls of enchant weapon
 r - 3 scrolls of recharging
Potions
 c - 5 potions of curing
 d - 2 potions of heal wounds
 e - 2 potions of haste
 f - 4 potions of magic
 g - 3 potions of berserk rage
 i - a potion of agility
 j - a potion of invisibility
 z - 3 potions of brilliance
 D - 3 potions of might
Comestibles
 a - 10 chunks of flesh
 b - 14 bread rations
 v - 40 fruits
 w - 12 meat rations


   Skills:
 - Level 15.4(15.1) Fighting
 + Level 15.3(15.0) Maces & Flails
 - Level 20.4(20.1) Dodging
 - Level 17.2(16.9) Unarmed Combat


You had 13 spell levels left.
You didn't know any spells.

Dungeon Overview and Level Annotations

Branches:
Dungeon (1/1)

Altars:
Cheibriados
Dithmenos
Elyvilon
Fedhas
Gozag
Hepliaklqana
Kikubaaqudgha
Makhleb
Nemelex Xobeh
Okawaru
Qazlal
Ru
Sif Muna
Trog
Uskayaw
Vehumet
Wu Jian
Xom
Yredelemnul
Zin
The Shining One
Beogh
Jiyva
Lugonu

Shops:
D =((=


Innate Abilities, Weirdness & Mutations

You are too large for most types of armour.
You have claws for hands.
Your metabolism is lightning-fast.
You like to eat raw meat.
Your natural rate of healing is unusually fast.
You are covered in fur. (AC +1)
You have very tough skin. (AC +2)
You are partially covered in icy blue scales. (AC +2)
You have a somewhat thin skeletal structure. (Dex +2, Stealth)
You tend to lose your temper in combat.
You are very frail. (-20% HP)
Your muscles are strong. (Str +2)


Message History

The Orb Guardian hits you.
An Orb Guardian, a deep elf sorcerer, a spriggan and a mummy priest come into view.
You barely miss the mummy priest. The Orb Guardian hits you!!
The mummy priest prays to its god.
The Orb Guardian hits you!!
An ironbrand convoker comes into view. It is wielding a flail.
The ironbrand convoker shouts!
You stick the mummy priest like a pincushion!!!!
You destroy the mummy priest!
Trog accepts your kill.
You feel extremely nervous for a moment...
You are engulfed in negative energy!
You feel drained. The Orb Guardian closely misses you.
The Orb Guardian hits you!
You hit the ironbrand convoker but do no damage.
The Orb Guardian hits you!
The ironbrand convoker hits you with a morningstar!!
* * * LOW HITPOINT WARNING * * *
The deep elf sorcerer shouts, "You can't withstand my power!"
The Orb Guardian hits you!!
You die...

▓)▓p▓÷▓.▓[▓.▓)▓.▓.
▓)▓.▓)▓.▓[▓.▓)▓.▓.
▓.▓.▓.▓.▓[▓.▓)▓.▓.
▓.▓.▓.▓.▓.▓.▓)▓.▓†
▓.▓.▓.▓.▓.▓.▓)▓.▓.
▓.▓.▓.▓.▓.▓.▓)▓.▓.
▓.▓.▓)▓.▓.▓.▓)▓.▓.
▓X▓.▓'▓.▓.▓.▓.▓.▓.
▓@▓.▓)▓.▓.▓.▓.▓.▓.
▓p▓.▓)▓.▓.▓)▓.▓.▓)
▓c▓.▓)▓.▓.▓.▓.▓.▓÷
▓e▓.▓)▓.▓)▓.▓.▓.▓.
▓p▓.▓.▓.▓[▓.▓)▓.▓÷
▓i▓.▓†▓.▓.▓.▓)▓.▓'
▓.▓.▓.▓.▓[▓.▓)▓.▓.
▓p▓.▓.▓.▓)▓.▓)▓.▓.
▓.▓.▓.▓)▓.▓)▓.▓.


You could see a vault warden, an Orb Guardian, a deep elf sorcerer, a centaur
warrior, 2 ironbrand convokers and a spriggan baker.

Vanquished Creatures
  Rupert (D)
  Kirke (D)
  A thorn hunter (D)
  An emperor scorpion (D)
  A very ugly thing (D)
  4 stone giants (D)
  Azrael (D)
  A dire elephant (D)
  A yaktaur captain (D)
  A great orb of eyes (D)
  Erolcha (D)
  5 fire dragons (D)
  A mummy priest (D)
  3 spriggan air magi (D)
  2 naga warriors (D)
  2 ice dragons (D)
  A ghost crab (D)
  A deep troll shaman (D)
  An ogre mage (D)
  4 orc high priests (D)
  A tengu warrior (D)
  A sea snake (D)
  An ironbrand convoker (D)
  A harpy (D)
  3 orb spiders (D)
  A necromancer (D)
  An orc knight (D)
  3 orc sorcerers (D)
  A wolf spider (D)
  A cyclops (D)
  A salamander (D)
  2 manticores (D)
  A guardian serpent (D)
  A black mamba (D)
  Joseph (D)
  4 elephants (D)
  Maurice (D)
  A water nymph (D)
  A vault sentinel (D)
  A spiny frog (D)
  A naga mage (D)
  2 yaktaurs (D)
  4 jumping spiders (D)
  A merfolk (D)
  A blink frog (shapeshifter) (D)
  A slime creature (D)
  A blink frog (D)
  A bog body (D)
  A snapping turtle (D)
  A spriggan (D)
  A water elemental (D)
  3 fire elementals (D)
  2 hogs (D)
  A hungry ghost (D)
  2 yaks (D)
  2 nagas (D)
  3 hell hounds (D)
  A water moccasin (D)
  4 porcupines (D)
  12 orc warriors (D)
  A black bear (D)
  A boggart (D)
  An ice beast (D)
  An ogre (D)
  2 centaurs (D)
  A crocodile (D)
  2 bullfrogs (D)
  2 orc priests (D)
  6 orc wizards (D)
  2 adders (D)
  14 orcs (D)
  2 ball pythons (D)
  A giant cockroach (D)
  A jackal (D)
  A frilled lizard (D)
  A kobold (D)
146 creatures vanquished.

Vanquished Creatures (collateral kills)
  A very ugly thing (D)
  A dire elephant (D)
  2 hydras (D)
  A centaur warrior (D)
  A death knight (D)
  2 ogre magi (D)
  A skeletal warrior (D)
  An unseen horror (D)
  An ugly thing (D)
  2 elephants (D)
  A spiny frog (D)
  A rime drake (shapeshifter) (D)
  A rime drake (D)
  2 meliai (D)
  A slime creature (D)
  A yak (D)
  A sky beast (D)
  A crocodile (D)
  A bullfrog (D)
23 creatures vanquished.

Vanquished Creatures (others)
  A hydra (D)
  An alligator (D)
  A spatial maelstrom (D)
  A slime creature (D)
  A black mamba (D)
  A spiny frog (D)
  A hornet (D)
7 creatures vanquished.

Grand Total: 176 creatures vanquished

Notes
Turn   | Place    | Note
-------+----------+-------------------------------------------
     0 | D        | Coron the Troll Berserker began the quest for the Orb.
     0 | D        | Reached XP level 1. HP: 22/22 MP: 0/0
     2 | D        | Banished a spatial maelstrom
    13 | D        | Reached ** piety under Trog
    13 | D        | Reached skill level 3 in Dodging
    41 | D        | Noticed an ogre
    54 | D        | Reached XP level 2. HP: 17/32 MP: 1/1
    57 | D        | Killed an ogre
    57 | D        | Reached *** piety under Trog
    57 | D        | Reached XP level 3. HP: 21/39 MP: 2/2
    57 | D        | Reached XP level 4. HP: 27/48 MP: 3/3
   101 | D        | Found a roughly hewn altar of Beogh.
   101 | D        | Found a snail-covered altar of Cheibriados.
   101 | D        | Found a shadowy altar of Dithmenos.
   101 | D        | Found a white marble altar of Elyvilon.
   101 | D        | Found a blossoming altar of Fedhas.
   101 | D        | Found an opulent altar of Gozag.
   102 | D        | Found a hazy altar of Hepliaklqana.
   103 | D        | Found a viscous altar of Jiyva.
   104 | D        | Found an ancient bone altar of Kikubaaqudgha.
   105 | D        | Found a corrupted altar of Lugonu.
   106 | D        | Found a burning altar of Makhleb.
   107 | D        | Found a sparkling altar of Nemelex Xobeh.
   108 | D        | Found an iron altar of Okawaru.
   109 | D        | Found a stormy altar of Qazlal.
   110 | D        | Found a sacrificial altar of Ru.
   111 | D        | Found a deep blue altar of Sif Muna.
   112 | D        | Found a bloodstained altar of Trog.
   113 | D        | Found a hide-covered altar of Uskayaw.
   114 | D        | Found a radiant altar of Vehumet.
   115 | D        | Found an ornate altar of the Wu Jian Council.
   116 | D        | Found a shimmering altar of Xom.
   117 | D        | Found a basalt altar of Yredelemnul.
   118 | D        | Found a glowing silver altar of Zin.
   119 | D        | Found a glowing golden altar of the Shining One.
   153 | D        | Noticed a hungry ghost
   153 | D        | Noticed a yak
   153 | D        | Noticed a centaur
   156 | D        | Reached **** piety under Trog
   165 | D        | Killed a hungry ghost
   165 | D        | Reached XP level 5. HP: 52/54 MP: 4/4
   165 | D        | Reached XP level 6. HP: 60/62 MP: 5/5
   167 | D        | Killed a yak
   174 | D        | Reached ***** piety under Trog
   174 | D        | Received a gift from Trog
   174 | D        | Reached XP level 7. HP: 68/80 MP: 6/6
   198 | D        | Noticed a rime drake
   198 | D        | Noticed a yak
   198 | D        | Noticed a blink frog
   198 | D        | Noticed a skeletal warrior
   198 | D        | Noticed a centaur warrior
   202 | D        | Killed a rime drake
   202 | D        | Reached skill level 10 in Fighting
   202 | D        | Killed a yak
   206 | D        | Killed a blink frog
   206 | D        | Reached XP level 8. HP: 40/97 MP: 7/7
   210 | D        | Killed a skeletal warrior
   210 | D        | Reached skill level 6 in Dodging
   211 | D        | Killed a centaur warrior
   211 | D        | Reached skill level 8 in Dodging
   216 | D        | Gained mutation: You are frail. (-10% HP) [mutagenic meat]
   217 | D        | Gained mutation: You have a somewhat thin skeletal structure. (Dex +2, Stealth) [mutagenic meat]
   218 | D        | Gained mutation: You are dopey. (Int -2) [mutagenic meat]
   219 | D        | Gained mutation: You are very frail. (-20% HP) [mutagenic meat]
   220 | D        | Lost mutation: You are dopey. (Int -2) [mutagenic meat]
   221 | D        | Gained mutation: Your muscles are strong. (Str +2) [mutagenic meat]
   433 | D        | Noticed a spiny frog
   438 | D        | Reached skill level 9 in Dodging
   441 | D        | Reached XP level 9. HP: 84/84 MP: 8/8
   448 | D        | Received a gift from Trog
   448 | D        | Reached skill level 10 in Dodging
   453 | D        | Killed a spiny frog
   453 | D        | Reached skill level 11 in Dodging
   456 | D        | Received a gift from Trog
   487 | D        | Noticed a spiny frog
   487 | D        | Noticed a rime drake
   487 | D        | Noticed a six-headed hydra
   487 | D        | Noticed a seven-headed hydra
   490 | D        | Killed a six-headed hydra
   490 | D        | Reached skill level 12 in Dodging
   491 | D        | Killed a seven-headed hydra
   492 | D        | Killed a spiny frog
   495 | D        | Killed a rime drake
   495 | D        | Reached skill level 13 in Dodging
   501 | D        | Reached XP level 10. HP: 53/91 MP: 9/9
   579 | D        | Noticed an elephant
   579 | D        | Noticed an elephant
   579 | D        | Noticed an elephant
   579 | D        | Noticed a dire elephant
   579 | D        | Noticed an elephant
   579 | D        | Noticed an elephant
   586 | D        | Killed an elephant
   588 | D        | Noticed an elephant
   589 | D        | Noticed a dire elephant
   595 | D        | Killed a dire elephant
   595 | D        | Reached ****** piety under Trog
   595 | D        | Received a gift from Trog
   603 | D        | Killed an elephant
   608 | D        | Killed a dire elephant
   608 | D        | Reached skill level 15 in Unarmed Combat
   610 | D        | Killed an elephant
   612 | D        | Killed an elephant
   615 | D        | Killed an elephant
   620 | D        | Killed an elephant
   620 | D        | Received a gift from Trog
   824 | D        | Received a gift from Trog
   877 | D        | Noticed an orc knight
   903 | D        | Killed an orc knight
   903 | D        | Received a gift from Trog
   903 | D        | Reached XP level 11. HP: 86/96 MP: 10/10
   928 | D        | Received a gift from Trog
   967 | D        | Found Qytirgh's Jewellery Emporium.
   967 | D        | Noticed an orc sorcerer
   967 | D        | Noticed an orc high priest
   967 | D        | Noticed an orc sorcerer
   969 | D        | Killed an orc sorcerer
   970 | D        | Noticed an orc high priest
   973 | D        | Killed an orc high priest
   977 | D        | Found Julisuta's Weapon Shoppe.
   978 | D        | Noticed a soul eater
   978 | D        | Killed an orc sorcerer
   978 | D        | Received a gift from Trog
   982 | D        | Found Henac's Weapon Emporium.
   982 | D        | Noticed an orc high priest
   988 | D        | Killed an orc high priest
   991 | D        | Found Felemo's Jewellery Shoppe.
   995 | D        | Killed an orc high priest
   998 | D        | Noticed an orc high priest
   998 | D        | Noticed an orc sorcerer
  1000 | D        | Noticed a soul eater
  1009 | D        | Killed an orc sorcerer
  1009 | D        | Received a gift from Trog
  1012 | D        | Killed an orc high priest
  1136 | D        | Bought 4 large rocks for 36 gold pieces
  1168 | D        | Noticed Joseph
  1183 | D        | Killed Joseph
  1267 | D        | Noticed Erolcha
  1273 | D        | Killed Erolcha
  1281 | D        | Noticed Maurice
  1291 | D        | Killed Maurice
  1291 | D        | Reached skill level 14 in Dodging
  1414 | D        | Noticed an ogre mage
  1414 | D        | Noticed an ogre mage
  1414 | D        | Noticed a death knight
  1420 | D        | Killed an ogre mage
  1420 | D        | Received a gift from Trog
  1424 | D        | Killed an ogre mage
  1427 | D        | Noticed an ogre mage
  1428 | D        | Killed a death knight
  1428 | D        | Killed an unseen horror
  1428 | D        | Reached skill level 15 in Dodging
  1439 | D        | Killed an ogre mage
  1439 | D        | Received a gift from Trog
  1439 | D        | Reached XP level 12. HP: 42/111 MP: 11/11
  1449 | D        | Noticed a fire dragon
  1451 | D        | Noticed an ice dragon
  1452 | D        | Noticed a fire dragon
  1453 | D        | Noticed a fire dragon
  1454 | D        | Killed a fire dragon
  1472 | D        | Killed an ice dragon
  1472 | D        | Reached skill level 16 in Dodging
  1477 | D        | Killed a fire dragon
  1480 | D        | Killed a fire dragon
  1480 | D        | Received a gift from Trog
  1565 | D        | Noticed Rupert
  1571 | D        | Noticed Azrael
  1574 | D        | Killed Rupert
  1574 | D        | Reached skill level 17 in Dodging
  1588 | D        | Killed Azrael
  1588 | D        | Reached skill level 18 in Dodging
  1595 | D        | Received a gift from Trog
  1702 | D        | Noticed a thorn hunter
  1702 | D        | Noticed a ghost crab
  1704 | D        | Noticed an alligator
  1710 | D        | Noticed a six-headed hydra
  1713 | D        | Killed a thorn hunter
  1717 | D        | Killed a ghost crab
  1717 | D        | Killed a six-headed hydra
  1718 | D        | Killed an alligator
  1727 | D        | HP: 4/111 [bog body/bolt of cold (10)]
  1883 | D        | Received a gift from Trog
  1886 | D        | Reached skill level 19 in Dodging
  1901 | D        | Reached XP level 13. HP: 38/116 MP: 12/12
  1904 | D        | Received a gift from Trog
  2063 | D        | Reached skill level 20 in Dodging
  2073 | D        | Received a gift from Trog
  2081 | D        | Gained mutation: You tend to lose your temper in combat. [mutagenic meat]
  2082 | D        | Gained mutation: You have sharp toenails. [mutagenic meat]
  2084 | D        | Gained mutation: You are somewhat resistant to further mutation. [mutagenic meat]
  2086 | D        | Lost mutation: You are somewhat resistant to further mutation. [mutagenic meat]
  2207 | D        | Noticed an emperor scorpion
  2233 | D        | Killed an emperor scorpion
  2242 | D        | Reached skill level 15 in Fighting
  2248 | D        | Received a gift from Trog
  2249 | D        | Received a gift from Trog
  2265 | D        | Got a smoking giant spiked club {god gift}
  2266 | D        | Identified the +10 giant spiked club "Hepuaw" {elec, Dex+6 Stlth+} (Trog gifted it to you in the Dungeon)
  2450 | D        | Noticed Kirke
  2453 | D        | Reached skill level 1 in Maces & Flails
  2463 | D        | Killed Kirke
  2463 | D        | Reached skill level 5 in Maces & Flails
  2537 | D        | Noticed a stone giant
  2537 | D        | Noticed a stone giant
  2537 | D        | Noticed a fire dragon
  2537 | D        | Noticed a white very ugly thing
  2542 | D        | Received a gift from Trog
  2551 | D        | Killed a stone giant
  2557 | D        | Killed a stone giant
  2562 | D        | Killed a white very ugly thing
  2565 | D        | HP: 1/120 [spriggan air mage/the air (11)]
  2572 | D        | Killed a fire dragon
  2578 | D        | Received a gift from Trog
  2578 | D        | Reached skill level 10 in Maces & Flails
  2579 | D        | Noticed a stone giant
  2588 | D        | Noticed a cyan very ugly thing
  2592 | D        | Killed a stone giant
  2595 | D        | Killed a cyan very ugly thing
  2595 | D        | Received a gift from Trog
  2604 | D        | Got a translucent giant spiked club {god gift}
  2605 | D        | Identified the +2 giant spiked club of Impermanence {speed, +Rage MR+ Dex-5} (Trog gifted it to you in the Dungeon)
  2628 | D        | Gained mutation: You are partially covered in icy blue scales. (AC +2) [mutagenic meat]
  2630 | D        | Lost mutation: You have sharp toenails. [mutagenic meat]
  2631 | D        | Gained mutation: You are dopey. (Int -2) [mutagenic meat]
  2632 | D        | Gained mutation: You are clumsy. (Dex -2) [mutagenic meat]
  2637 | D        | Lost mutation: You are dopey. (Int -2) [mutagenic meat]
  2639 | D        | Lost mutation: You are clumsy. (Dex -2) [mutagenic meat]
  2725 | D        | Noticed a stone giant
  2740 | D        | Killed a stone giant
  2740 | D        | Reached XP level 14. HP: 95/127 MP: 13/13
  2746 | D        | Received a gift from Trog
  2802 | D        | Noticed a vault warden
  2804 | D        | Reached skill level 15 in Maces & Flails
  2805 | D        | Noticed an Orb Guardian
  2805 | D        | Noticed a deep elf sorcerer
  2807 | D        | Mangled by an Orb Guardian

Vault maps used:
D:        linesprint

Skill      XL: |  1  2  3  4  5  6  7  8  9 10 11 12 13 14 |
---------------+-------------------------------------------+-----
Fighting       | 4 8 11 14 15 | 15.4
Dodging        | 3 9 13 15 19 20 | 20.4
Unarmed Combat | 7 11 16 17 | 17.2
Maces & Flails | 13 15 | 15.3

Action                   |  1- 3 |  4- 6 |  7- 9 | 10-12 | 13-15 || total
-------------------------+-------+-------+-------+-------+-------++-------
Melee: Unarmed           |    26 |    26 |    33 |   223 |   107 ||   415
       Punch             |     2 |     1 |     1 |    16 |     5 ||    25
       Kick              |       |       |       |       |    30 ||    30
       Giant spiked club |       |       |       |       |    39 ||    39
Invok: Berserk           |     1 |       |     1 |     5 |     4 ||    11
       Brothers in Arms  |       |       |     2 |     3 |     5 ||    10
       Trog's Hand       |       |       |       |     3 |     4 ||     7
Evoke: Wand              |       |       |       |     3 |     3 ||     6
  Use: Scroll            |       |       |       |     2 |       ||     2
       Potion            |       |       |       |     1 |     3 ||     4
 Stab: Distracted        |       |       |       |     1 |       ||     1
  Eat: Chunk             |     6 |     2 |    20 |    20 |    30 ||    78
Armor: Animal skin       |     6 |     6 |     7 |     8 |       ||    27
       Fire dragon scale |       |       |       |    27 |    38 ||    65
Dodge: Dodged            |    15 |     5 |    10 |   122 |    96 ||   248

Table legend:
 A = Spawn XP
 B = Non-spawn XP
 C = Spawn XP percentage of total XP
 D = Spawn monster count
 E = Non-spawn monster count
 F = Spawn count percentage of total count
 G = Total turns spent on level
                    A         B        C        D         E        F      G
               +---------+---------+-------+---------+---------+-------+---------
         Total |       0 |   70926 |   0.0 |       0 |     172 |   0.0 |  2807
               +---------+---------+-------+---------+---------+-------+---------
             D |       0 |   70926 |   0.0 |       0 |     172 |   0.0 |  2807
               +---------+---------+-------+---------+---------+-------+---------
